 Dungeon Crawl Stone Soup version 0.28.0-45-g0d030f2227 (webtiles) character file.

Game seed: 12447034957097701235

10 Descartes the Grasshopper (level 2, -4/13 HPs)
             Began as a Felid Warper on Apr 7, 2022.
             Slain by a worm (8 damage)
             ... on level 2 of the Dungeon.
             The game lasted 00:00:46 (748 turns).

Descartes the Grasshopper (Felid Warper)             Turns: 748, Time: 00:00:46

Health: -4/13      AC:  1    Str:  7    XL:     2   Next: 10%
Magic:  6/6        EV: 18    Int: 14    God:
Gold:   36         SH:  0    Dex: 15    Spells: 5/5 levels left
                                        Lives:  0   Deaths: 0

rFire   + . .      SeeInvis +     - Unarmed
rCold   . . .      Faith    .   (shield unavailable)
rNeg    . . .      Spirit   .   (armour unavailable)
rPois   .          Reflect  .   (helmet unavailable)
rElec   .          Harm     .   (cloak unavailable)
rCorr   .          Rampage  .   (gloves unavailable)
Will    .....                   (boots unavailable)
Stlth   ++........              (no amulet)
HPRegen 0.04/turn               c - ring of protection from fire
MPRegen 0.10/turn               (no ring)

@: quick
A: very small, claws 1, fangs 3, see invisible, speed 1, shaggy fur 1, stealthy
paws, no weapons or thrown items, no armour, multi-lived
a: no special abilities


You were on level 2 of the Dungeon.
You visited 1 branch of the dungeon, and saw 2 of its levels.

You collected 36 gold pieces.

Inventory:

Jewellery
 c - a ring of protection from fire (left paw)
Scrolls
 a - 2 scrolls of blinking
Potions
 b - a potion of might {unknown}
 d - a potion of curing {unknown}


   Skills:
 - Level 2.0 Fighting
 + Level 3.4 Dodging
 + Level 1.1 Stealth
 + Level 2.2 Unarmed Combat
 - Level 2.0 Spellcasting
 + Level 4.6 Translocations


You had 5 spell levels left.
You didn't know any spells.
Your spell library contained the following spells:

 Spells                   Type           Power      Damage    Failure   Level
 Blink                    Tloc           28%        N/A       5%          2
 Gell's Gravitas          Tloc           14%        N/A       11%         3
 Lesser Beckoning         Tloc           14%        N/A       11%         3
 Teleport Other           Tloc           14%        N/A       11%         3
 Manifold Assault         Tloc           14%        N/A       67%         5


Dungeon Overview and Level Annotations

Branches:
Dungeon (1/15)

Altars:


Innate Abilities, Weirdness & Mutations

You have sharp claws.
You have razor-sharp teeth.
You have supernaturally acute eyesight. (SInv)
You cover ground quickly. (Speed+)
You are covered in fur. (AC +1)
Your paws help you pounce on unaware monsters.
You are incapable of wielding weapons or throwing items.
You cannot wear armour.
You gain extra lives every three experience levels.


Message History

Found 3 poisoned darts.
c - a ring of protection from fire (left paw)
Found 7 sling bullets.
You now have 36 gold pieces (gained 9).
A worm comes into view.
A gnoll comes into view. It is wielding a +0 whip.
The gnoll shouts!
You hear a shout!
A kobold and a gnoll come into view.
The kobold shouts!
The gnoll misses you.
You closely miss the gnoll. The gnoll misses you.
A gnoll comes into view. It is wielding a +0 whip.
You scratch the gnoll.
The gnoll is moderately wounded.
The gnoll misses you.
You scratch the gnoll but do no damage.
The gnoll is moderately wounded.
The gnoll hits you with a +0 whip.
A rat comes into view.
You scratch the gnoll but do no damage.
The gnoll is moderately wounded.
The kobold hits you with a +0 whip. The gnoll completely misses you.
You barely miss the gnoll.
The gnoll is moderately wounded.
The kobold barely misses you. The gnoll barely misses you.
The worm completely misses you.
You barely miss the gnoll.
The gnoll is moderately wounded.
The kobold closely misses you. The gnoll hits you with a +0 whip.
You are too injured to fight recklessly!
You are too injured to fight recklessly!
You are too injured to fight recklessly!
You are too injured to fight recklessly!
You are too injured to fight recklessly!
You are too injured to fight recklessly!
You are too injured to fight recklessly!
You are too injured to fight recklessly!
The worm bites you!
Ouch! That really hurt!
You die...

..... .... .... #
# # #..#.# .
.##.###..#.##.. #
..............
###.##.#.ggK.r....
........#.w..#
#.##.#.#@...##.
#...............
#..#.#.####.####
#.....## ...
#.##..# ##8.
#.##..# . #.##.##
#.##.# #.##.#


You could see a worm, 2 gnolls, a kobold and a rat.

Vanquished Creatures
  A ball python (D:1)
  3 endoplasms (D:1)
  A giant cockroach (D:1)
  A goblin (D:1)
  A kobold (D:1)
  A frilled lizard (D:1)
8 creatures vanquished.

Notes
Turn   | Place    | Note
-------+----------+-------------------------------------------
     0 | D:1      | Descartes the Felid Warper began the quest for the Orb.
     0 | D:1      | Reached XP level 1. HP: 9/9 MP: 4/4
   431 | D:1      | Reached skill level 1 in Stealth
   434 | D:1      | Reached XP level 2. HP: 10/13 MP: 6/6
   636 | D:1      | You fall into a shaft and drop 1 floor!
   748 | D:2      | Slain by a worm

Illustrated notes

Levels and vault maps discovered:
D:1:      ebering_trefoil_twist, layout_basic, basic_ecumenical_altar,
          minmay_misc_feat_secret_circle, minmay_tetromino_l4
D:2:      layout_basic, grunt_ministairs_11, serial_bayou_lagoon_a

Skill      XL: |  1 |
---------------+----+-----
Stealth        | 1 |  1.1
Fighting       | |  2.0
Dodging        | |  3.4
Unarmed Combat | |  2.2
Spellcasting   | |  2.0
Translocations | |  4.6

Action                   || total
-------------------------++-------
Melee: Unarmed           ||    28
       Bite              ||     2
       Punch             ||     1
 Stab: Sleeping          ||     1
Dodge: Dodged            ||    31
